 Dungeon Crawl Stone Soup version 0.28-a0-751-gef3a642a4e (webtiles) character file.

Game seed: 2169309418528136392

140 1994 the Grasshopper (level 5, 0/30 HPs)
             Began as a Deep Elf Warper on Oct 30, 2021.
             Slain by a gnoll (5 damage)
             ... on level 3 of the Dungeon.
             The game lasted 00:16:54 (7414 turns).

1994 the Grasshopper (Deep Elf Warper)              Turns: 7414, Time: 00:16:55

Health: 0/30       AC:  4    Str:  8    XL:     5   Next: 2%
Magic:  8/12       EV: 12    Int: 18    God:
Gold:   67         SH:  0    Dex: 15    Spells: 3/11 levels left

rFire   . . .      SeeInvis .   a - +2 dagger (vamp)
rCold   . . .      Faith    .   (no shield)
rNeg    . . .      Spirit   .   e - +0 leather armour
rPois   .          Reflect  .   m - +0 helmet
rElec   .          Harm     .   (no cloak)
rCorr   .          Rampage  .   (no gloves)
Will    .....                   (no boots)
Stlth   ++........              (no amulet)
HPRegen 0.10/turn               (no ring)
MPRegen 0.13/turn               (no ring)

@: no status effects
A: no striking features
a: no special abilities


You were on level 3 of the Dungeon.
You visited 1 branch of the dungeon, and saw 3 of its levels.

You collected 67 gold pieces.

Inventory:

Hand Weapons
 a - a +2 vampiric dagger (weapon)
 b - a +0 short sword
Missiles
 d - 5 boomerangs of dispersal
 f - 86 stones
 j - 62 arrows
 p - 3 poisoned darts (quivered)
Armour
 e - a +0 leather armour (worn)
 m - a +0 helmet (worn)
Magical Staves
 n - a staff of fire
Scrolls
 c - 2 scrolls of blinking
 g - 2 scrolls of teleportation
Potions
 h - a potion of heal wounds
 i - 2 potions of haste {unknown}
 k - 2 potions of curing {unknown}
 l - a potion of lignification {unknown}


   Skills:
 + Level 2.0 Fighting
 * Level 3.1 Short Blades
 - Level 1.0 Throwing
 - Level 0.7 Armour
 + Level 3.1 Dodging
 * Level 2.7 Stealth
 + Level 3.5 Spellcasting
 * Level 4.0 Translocations


You had 3 spell levels left.
You knew the following spells:

 Your Spells              Type           Power      Damage    Failure   Level
a - Blink                 Tloc           34%        N/A       6%          2
b - Teleport Other        Tloc           17%        N/A       13%         3
c - Gell's Gravitas       Tloc           8%         N/A       13%         3

Your spell library contained the following spells:

 Spells                   Type           Power      Damage    Failure   Level
 Lesser Beckoning         Tloc           17%        N/A       13%         3
 Sandblast                Erth           6%         2d5       22%         1
 Passwall                 Tmut/Erth      2%         N/A       32%         2
 Stone Arrow              Conj/Erth      6%         3d7       54%         3
 Manifold Assault         Tloc           17%        N/A       75%         5


Dungeon Overview and Level Annotations

Branches:
Dungeon (3/15)

Altars:

Annotations:
D:1 Robin
D:2 Sigmund


Message History

There is an open door here.
There is an open door here.
Casting: Gell's Gravitas (quite dangerous; 13% risk of failure)
Confirm with . or Enter, or press ? or * to list all spells.
The spell is quite dangerous to cast (13% risk of failure)!
Continue anyway?
Aiming: Teleport Other (quite dangerous; 13% risk of failure)
Press: ? - help, Shift-Dir - straight line, f/p - gnoll
Aim: a gnoll, wielding a +0 whip (lightly wounded, chance to affect: 63%)
You miscast Teleport Other.
You are very lightly contaminated with residual magic.
Nothing appears to happen.
The gnoll closely misses you.
Unknown command.
Unknown command.
Casting: Teleport Other (quite dangerous; 13% risk of failure)
Confirm with . or Enter, or press ? or * to list all spells.
The spell is quite dangerous to cast (13% risk of failure)!
Continue anyway?
Aiming: Teleport Other (quite dangerous; 13% risk of failure)
Press: ? - help, Shift-Dir - straight line, f/p - gnoll
Aim: a gnoll, wielding a +0 whip (lightly wounded, chance to affect: 63%)
You miscast Teleport Other.
Nothing appears to happen.
The gnoll hits you with a +0 whip.
* * * LOW HITPOINT WARNING * * *
Unknown command.
Unknown command.
Unknown command.
Casting: Teleport Other (quite dangerous; 13% risk of failure)
Confirm with . or Enter, or press ? or * to list all spells.
The spell is quite dangerous to cast (13% risk of failure)!
Continue anyway?
Aiming: Teleport Other (quite dangerous; 13% risk of failure)
Press: ? - help, Shift-Dir - straight line, f/p - gnoll
Aim: a gnoll, wielding a +0 whip (chance to affect: 63%)
The gnoll resists with significant effort.
The gnoll hits you with a +0 whip!
* * * LOW HITPOINT WARNING * * *
Unknown command.
Unknown command.
Unknown command.
Your magical contamination has completely faded away.
The gnoll hits you with a +0 whip.
You die...

#.# #.# #.## #.#
###..## ##.######
#.....####...#....
#.##...........###
#.##...###.....# #
#.##...###..#..###
#.##........#.....
#@###..####.#..###
#.g.g..# #.#.#...
######.####.#.####
#........#
######.### #.#
#####.######
#...........
#.......####


You could see 2 gnolls.

Vanquished Creatures
  A bullfrog skeleton (D:3)
  A gnoll (D:3)
  3 adders
  A dart slug (D:3)
  7 endoplasms
  2 giant cockroaches (D:1)
  15 goblins
  8 hobgoblins
  8 kobolds
  2 quokkas (D:1)
  4 ball pythons (D:1)
  5 bats
  4 frilled lizards
  8 rats
69 creatures vanquished.

Vanquished Creatures (others)
  18 plants (D:1)
18 creatures vanquished.

Grand Total: 87 creatures vanquished

Notes
Turn   | Place    | Note
-------+----------+-------------------------------------------
     0 | D:1      | 1994 the Deep Elf Warper began the quest for the Orb.
     0 | D:1      | Reached XP level 1. HP: 12/12 MP: 6/6
   517 | D:1      | Reached skill level 1 in Stealth
   517 | D:1      | Reached XP level 2. HP: 15/16 MP: 8/8
   616 | D:1      | Found a faded altar of an unknown god.
   797 | D:1      | Learned a level 2 spell: Blink
  1309 | D:1      | Reached XP level 3. HP: 19/21 MP: 9/9
  1313 | D:1      | Learned a level 3 spell: Teleport Other
  1317 | D:1      | Learned a level 3 spell: Gell's Gravitas
  2133 | D:2      | Noticed a phantom
  3146 | D:2      | Noticed Robin
  3394 | D:2      | Reached XP level 4. HP: 26/26 MP: 8/11
  3475 | D:2      | Noticed Sigmund
  7341 | D:3      | Reached skill level 4 in Translocations
  7341 | D:3      | Reached XP level 5. HP: 7/30 MP: 12/12
  7376 | D:3      | HP: 1/30 [gnoll (8)]
  7414 | D:3      | Slain by a gnoll

Illustrated notes

Levels and vault maps discovered:
D:1:      roderic_crop_circles_arrival_small, layout_loops_corners,
          ebering_ecumenical_altar_hall
D:2:      layout_basic, uniq_sigmund, uniq_robin
D:3:      layout_loops_corners, kennysheep_minor_cross, kennysheep_crisscross

Skill      XL: |  1  2  3  4 |
---------------+-------------+-----
Stealth        | 1 2 |  2.7
Dodging        | 3 |  3.1
Fighting       | 2 |  2.0
Short Blades   | 3 |  3.1
Translocations | 4 |  4.0
Throwing       | |  1.0
Armour         | |  0.7
Spellcasting   | |  3.5

Action                   |  1- 3 |  4- 6 || total
-------------------------+-------+-------++-------
Melee: Short sword       |   245 |   129 ||   374
       Dagger            |       |    21 ||    21
Throw: Stone             |    35 |     5 ||    40
       Dart              |       |     6 ||     6
 Cast: Blink             |     4 |     4 ||     8
       Teleport Other    |     1 |     8 ||     9
       Gell's Gravitas   |       |     3 ||     3
  Use: Scroll            |     1 |       ||     1
       Potion            |       |     1 ||     1
 Stab: Sleeping          |     1 |       ||     1
Armor: Leather armour    |    53 |    33 ||    86
Dodge: Dodged            |   140 |    99 ||   239

Table legend: (Time is in decaauts)
 A = Elapsed time spent in this place.
 B = Non-inter-level travel time spent in this place.
 C = Inter-level travel time spent in this place.
 D = Time resting spent in this place.
 E = Time spent auto-exploring this place.
 F = Levels seen in this place.
 G = Mean time per level.
                   A        B        C        D        E       F      G
               +--------+--------+--------+--------+--------+-----+--------+
         Total |   7409 |   7038 |    371 |   3059 |   2064 |   3 | 2469.7 |
       Dungeon |   7409 |   7038 |    371 |   3059 |   2064 |   3 | 2469.7 |
               +--------+--------+--------+--------+--------+-----+--------+

Top non-repeatable levels by time:
     D:1: 3722 daAuts
     D:2: 2293 daAuts
     D:3: 1393 daAuts
